[Event "Titled Tuesday Blitz April 4 Early 2023"]
[White "ArtemDyachuk"]
[Black "Domingo Nunez, Alejandro"]
[BlackFideId "22245561"]
[WhiteElo "2407"]
[BlackElo "2291"]
[Result "0-1"]
[Round "04"]
[TimeControl "180+2"]
[Date "2023.04.04"]
[WhiteClock "0:00:02"]
[BlackClock "0:00:05"]

1. Nf3 g6 2. e4 Bg7 3. d4 c6 4. Nc3 d5 5. e5 f6 6. Bd3 Bg4 7. Bf4 fxe5 8. dxe5 Nd7 9. Qe2 Qc7 10. O-O Bxf3 11. Qxf3 Bxe5 12. Bxe5 Nxe5 13. Qg3 O-O-O 14. Rfe1 Nxd3 15. Qxd3 e5 16. Qe3 e4 17. Qxa7 Nf6 18. Na4 Nd7 19. Re3 b5 20. Qa6+ Qb7 21. Qa5 bxa4 22. Qxa4 Kc7 23. Rb3 Qa8 24. Qd4 Rb8 25. Rc3 Rxb2 26. a4 Rhb8 27. h4 Qa5 28. h5 gxh5 29. Rh3 Rb1+ 30. Rxb1 Rxb1+ 31. Kh2 Qe1 32. Kg3 Qb4 33. Qa7+ Qb7 34. Qd4 Qb6 35. Qg7 Rf1 36. Qf7 Qa5 37. Rxh5 Qc3+ 38. Kg4 Kd6 39. Rh6+ Kc7 40. Rxh7 Kb6 41. Qxd7 Kc5 42. Qa7+ Kc4 43. Rc7 Kb4 44. Qb6+ Ka3 45. Rxc6 Qg7+ 46. Kf5 Qf7+ 47. Ke5 Qe7+ 48. Kd4 Rd1+ 49. Ke3 Qg5+ 50. f4 Qg3+ 51. Ke2 Qe1# 0-1


[Site "https://www.chess.com"]

[Event "Titled Tuesday Blitz April 4 Early 2023"]
[White "Kleiman, Jake"]
[Black "NiklasSchmider"]
[WhiteFideId "2020041"]
[WhiteElo "2609"]
[BlackElo "2407"]
[Result "0-1"]
[Round "04"]
[TimeControl "180+2"]
[Date "2023.04.04"]
[WhiteClock "0:00:12"]
[BlackClock "0:00:05"]

1. d4 Nf6 2. Nc3 d5 3. Bf4 e6 4. e3 Be7 5. Nb5 Na6 6. c4 O-O 7. Nf3 c6 8. Nc3 c5 9. cxd5 Nxd5 10. Bg3 cxd4 11. exd4 Qa5 12. Rc1 Nab4 13. Qd2 Nxa2 14. Ra1 Bb4 15. Bc4 Ndxc3 16. O-O Ne4 17. Qe3 Nxg3 18. hxg3 b6 19. Bxa2 Qb5 20. Ne5 Bd6 21. Qf3 Rb8 22. Nc4 Be7 23. Rfc1 Bb7 24. Qf4 Rbd8 25. Bb1 g6 26. Rxa7 Bg5 27. Qg4 Bxc1 28. Ne5 Qd5 29. Nf3 Bxb2 30. Bc2 Bxd4 31. Qh4 Bc5 32. Ba4 b5 33. Rxb7 Qxb7 34. Ng5 h5 35. Ne4 Bd4 36. Bc2 Bg7 37. Qg5 Rd5 38. Qf4 Rf5 39. Qe3 Qc7 40. Bd3 Rd5 41. Bf1 Rd1 42. Qe2 Rfd8 43. Kh2 b4 44. Qb5 b3 45. Be2 b2 46. Qxb2 Bxb2 47. Bxd1 Rxd1 48. Ng5 Qe5 49. Nf3 Qf5 50. Nh4 Qe4 51. Nf3 Qe2 52. Kh3 Qxf2 53. Kh4 Rh1+ 54. Kg5 Qe3# 0-1


[Site "https://www.chess.com"]

[Event "Titled Tuesday Blitz April 4 Early 2023"]
[White "Kim, Sergey"]
[Black "Tarasova, Viktoriya"]
[WhiteFideId "13700570"]
[BlackFideId "4175840"]
[WhiteElo "2604"]
[BlackElo "2182"]
[Result "1/2-1/2"]
[Round "04"]
[TimeControl "180+2"]
[Date "2023.04.04"]
[WhiteClock "0:00:48"]
[BlackClock "0:00:28"]

1. d4 Nf6 2. c4 e6 3. Nc3 Bb4 4. Qc2 O-O 5. a3 Bxc3+ 6. Qxc3 d5 7. Nf3 dxc4 8. Qxc4 b6 9. g3 Ba6 10. Qc2 c5 11. dxc5 bxc5 12. Bg2 Nbd7 13. O-O Qb6 14. Rd1 Rab8 15. b4 Rfc8 16. Be3 Nd5 17. Rxd5 exd5 18. Ng5 Qg6 19. Qxg6 hxg6 20. Bxd5 cxb4 21. axb4 Bc4 22. Bxc4 Rxc4 23. Rxa7 Nf6 24. Nxf7 Rcxb4 25. Ne5 R4b7 26. Rxb7 Rxb7 27. Nxg6 Kf7 28. Ne5+ Ke6 29. Nd3 Rb1+ 30. Kg2 Nd5 31. Bd4 g6 32. Nf4+ Nxf4+ 33. gxf4 Kf5 34. Kf3 Rd1 35. e4+ Ke6 36. Be3 Rh1 37. Kg2 Rb1 38. h3 Rd1 39. Kg3 Rg1+ 40. Kf3 Rh1 41. Kg2 Rb1 42. h4 Ra1 43. Bd4 Re1 44. Kf3 Rh1 45. Kg3 Rg1+ 46. Kf3 Rh1 47. Kg3 Rg1+ 48. Kf3 Rh1 1/2-1/2


[Site "https://www.chess.com"]

[Event "Titled Tuesday Blitz April 4 Early 2023"]
[White "Mazurkiewicz, Michal"]
[Black "Han, Yichen"]
[WhiteFideId "1124943"]
[BlackFideId "1054430"]
[WhiteElo "2054"]
[BlackElo "2342"]
[Result "1-0"]
[Round "04"]
[TimeControl "180+2"]
[Date "2023.04.04"]
[WhiteClock "0:00:14"]
[BlackClock "0:00:04"]

1. e4 d6 2. d4 g6 3. Nc3 Bg7 4. f4 a6 5. Nf3 b5 6. a3 Bb7 7. Be2 Nd7 8. O-O c5 9. Kh1 cxd4 10. Nxd4 Ngf6 11. Bf3 O-O 12. Be3 e5 13. Nb3 Qe7 14. Na5 Rab8 15. Ba7 Ra8 16. Be3 Rfb8 17. f5 Nc5 18. Nxb7 Rxb7 19. g4 h6 20. g5 hxg5 21. Bxg5 Qf8 22. fxg6 fxg6 23. Bg2 Rf7 24. Bh3 Nh7 25. Be3 Rxf1+ 26. Qxf1 Qxf1+ 27. Rxf1 Rf8 28. Rxf8+ Nxf8 29. Bxc5 dxc5 30. Nd5 a5 31. b3 Kf7 32. Nc7 b4 33. a4 Ke7 34. Nd5+ Kd6 35. Nb6 Kc7 36. Nc4 g5 37. Bf5 Nd7 38. Bxd7 Kxd7 39. Nxa5 g4 40. Nc4 Kc7 41. Kg2 Bh6 42. Kg3 Bf4+ 43. Kxg4 Bxh2 44. Kf5 Bg1 45. Kxe5 Bd4+ 46. Kd5 Bg1 47. e5 Kd7 48. a5 Ke7 49. a6 Kd7 50. a7 1-0


[Site "https://www.chess.com"]

[Event "Titled Tuesday Blitz April 4 Early 2023"]
[White "Kozin, Yuri"]
[Black "Mohammed, Zozek Salah Mohammed"]
[WhiteFideId "4129920"]
[BlackFideId "4803361"]
[WhiteElo "2588"]
[BlackElo "2211"]
[Result "0-1"]
[Round "04"]
[TimeControl "180+2"]
[Date "2023.04.04"]
[WhiteClock "0:00:01"]
[BlackClock "0:00:13"]

1. e4 e6 2. d4 d5 3. Nd2 c5 4. Ngf3 cxd4 5. Nxd4 Nc6 6. Bb5 Bd7 7. Nxc6 bxc6 8. Bd3 Bd6 9. Qe2 Ne7 10. e5 Bc7 11. O-O Ng6 12. Nf3 Qb8 13. Re1 c5 14. c4 O-O 15. h4 Qd8 16. Bg5 f6 17. exf6 gxf6 18. Bh6 Nf4 19. Qd2 Nxd3 20. Qxd3 d4 21. Bxf8 Qxf8 22. b4 e5 23. bxc5 Qxc5 24. Qe4 Rf8 25. Rac1 Bc6 26. Qf5 Qd6 27. c5 Qd5 28. h5 Bd7 29. Qd3 f5 30. c6 Bxc6 31. Rxc6 Qxc6 32. Nxe5 Bxe5 33. Rxe5 Qc1+ 34. Kh2 Qf4+ 35. Qg3+ Qxg3+ 36. Kxg3 Rd8 37. Re2 Kf7 38. Kf4 Kf6 39. Rd2 Rd5 40. f3 h6 41. g4 fxg4 42. fxg4 d3 43. Ke4 Rg5 44. Kf4 Rd5 45. Ke4 Rg5 46. Rf2+ Ke6 47. Kf4 Rd5 48. Rd2 Rd4+ 49. Kf3 Ke5 50. Ke3 Rxg4 51. Rf2 Rg3+ 52. Kd2 Ke4 53. Rf6 Rg2+ 54. Kc3 Rc2+ 55. Kb3 Rc5 56. Rd6 Rxh5 0-1


[Site "https://www.chess.com"]

[Event "Titled Tuesday Blitz April 4 Early 2023"]
[White "Silva Lucena, Cristian"]
[Black "Fiorito, Francisco"]
[WhiteFideId "2232588"]
[BlackFideId "180165"]
[WhiteElo "2223"]
[BlackElo "2341"]
[Result "1-0"]
[Round "04"]
[TimeControl "180+2"]
[Date "2023.04.04"]
[WhiteClock "0:01:04"]
[BlackClock "0:01:32"]

1. d4 Nf6 2. c4 c6 3. Nf3 d5 4. Nc3 dxc4 5. a4 e6 6. e4 Bb4 7. e5 Nd5 8. Bd2 c5 9. Bxc4 cxd4 10. Nxd5 Bxd2+ 11. Qxd2 exd5 12. Bb5+ Bd7 13. Nxd4 O-O 14. O-O Nc6 15. Bxc6 bxc6 16. b4 Qe7 17. f4 Rfb8 18. Rab1 c5 19. bxc5 Qxc5 20. Rbc1 Qb4 21. Qe3 Qxa4 22. f5 Rb4 23. Rcd1 Re8 24. f6 Kh8 25. fxg7+ Kg8 26. Qf4 Re7 27. Qf6 Rxd4 28. Qxe7 Kxg7 29. Qf6+ Kg8 30. Qxf7+ Kh8 31. Qf8# 1-0


[Site "https://www.chess.com"]

[Event "Titled Tuesday Blitz April 4 Early 2023"]
[White "Dixit, Nikhil"]
[Black "Kukreja, Sankalp"]
[WhiteFideId "5059534"]
[BlackFideId "45027676"]
[WhiteElo "2207"]
[BlackElo "2126"]
[Result "1-0"]
[Round "04"]
[TimeControl "180+2"]
[Date "2023.04.04"]
[WhiteClock "0:01:07"]
[BlackClock "0:00:18"]

1. e4 c5 2. Nf3 g6 3. d4 cxd4 4. Qxd4 Nf6 5. Bb5 Nc6 6. Bxc6 bxc6 7. e5 Nd5 8. O-O Bg7 9. Qh4 d6 10. exd6 Qxd6 11. Rd1 Qf6 12. Qxf6 Bxf6 13. c3 O-O 14. Nbd2 Bf5 15. Nc4 Rfd8 16. Bg5 Bxg5 17. Nxg5 f6 18. Nf3 e5 19. Rd2 Nf4 20. Rad1 Rd5 21. Ne3 Rxd2 22. Rxd2 Be6 23. c4 g5 24. Rd6 g4 25. Nd2 Ne2+ 26. Kf1 Nd4 27. Nb3 Nxb3 28. Rxe6 Nd4 29. Rxf6 Rb8 30. b3 a5 31. Nxg4 a4 32. Nxe5 axb3 33. axb3 Rxb3 34. g3 Rb1+ 35. Kg2 Rc1 36. Nxc6 Rxc4 37. Nxd4 Rxd4 38. Rf4 Rd5 39. h3 Kg7 40. Rf3 h6 41. Rf4 Rd7 42. Rg4+ Kh7 43. Rf4 Re7 44. g4 Rc7 45. Kg3 Kg6 46. f3 Rc3 47. Re4 Rc1 48. h4 Kg7 49. h5 Kh7 50. Kf4 Kg8 51. Kf5 Kg7 52. Re7+ Kg8 53. Ra7 Rc6 54. f4 Rb6 55. g5 Rb5+ 56. Kg4 Rb4 57. g6 Rb5 58. Rh7 Rb1 59. Rxh6 Rg1+ 60. Kf5 Ra1 61. Rh7 Ra5+ 62. Kg4 Ra4 63. Rd7 Ra6 64. f5 Ra4+ 65. Kg5 Ra1 66. h6 Ra8 67. h7+ Kh8 68. Kh6 1-0


[Site "https://www.chess.com"]

[Event "Titled Tuesday Blitz April 4 Early 2023"]
[White "Manukian, Artak"]
[Black "Pajeken, Jakob Leon"]
[WhiteFideId "13301373"]
[BlackFideId "12942839"]
[WhiteElo "2130"]
[BlackElo "2414"]
[Result "1-0"]
[Round "04"]
[TimeControl "180+2"]
[Date "2023.04.04"]
[WhiteClock "0:00:07"]
[BlackClock "0:00:01"]

1. e4 e5 2. Nf3 Nc6 3. d4 exd4 4. Nxd4 Nf6 5. Nxc6 bxc6 6. e5 Qe7 7. Qe2 Nd5 8. c4 Nb6 9. b3 d5 10. exd6 cxd6 11. Bb2 Bg4 12. Qxe7+ Kxe7 13. Nc3 Re8 14. f3 Kd7+ 15. Be2 Bf5 16. O-O-O g6 17. Bd3 Bh6+ 18. Kc2 Bxd3+ 19. Rxd3 d5 20. cxd5 cxd5 21. Nxd5 Nxd5 22. Rxd5+ Kc6 23. Rhd1 Re2+ 24. Kb1 Rhe8 25. Rd6+ Kb7 26. Rd7+ Kc8 27. Rxa7 Kb8 28. Rxf7 Rxg2 29. Rxh7 Bg5 30. h4 Ree2 31. Bc3 Be7 32. Re1 Rxe1+ 33. Bxe1 Ba3 34. Ba5 Rb2+ 35. Kc1 Rxb3+ 36. Kd2 Rxf3 37. Rg7 Rh3 38. Rxg6 Rxh4 39. Kc2 Bc5 40. Rc6 Be7 41. Re6 Bg5 42. Bc3 Rh3 43. a4 Bd8 44. Re8 Kc7 45. Ba5+ Kc6 46. Rxd8 Ra3 47. Rc8+ Kb7 48. Rc4 Ka6 49. Bc3 Ra2+ 50. Bb2 Ka5 51. Kb3 1-0


[Site "https://www.chess.com"]

[Event "Titled Tuesday Blitz April 4 Early 2023"]
[White "Toktomushev, Teimur"]
[Black "Tomaszewski, Kacper"]
[WhiteFideId "14176726"]
[BlackFideId "1127373"]
[WhiteElo "2116"]
[BlackElo "2211"]
[Result "0-1"]
[Round "04"]
[TimeControl "180+2"]
[Date "2023.04.04"]
[WhiteClock "0:00:03"]
[BlackClock "0:00:50"]

1. d4 d5 2. c4 dxc4 3. e3 e6 4. Bxc4 a6 5. Nf3 Nf6 6. O-O b5 7. Bb3 Bb7 8. Nc3 Be7 9. Qe2 O-O 10. Rd1 Nbd7 11. e4 c5 12. d5 exd5 13. e5 d4 14. exf6 Nxf6 15. Bg5 h6 16. Bh4 Bd6 17. Nd5 Bxd5 18. Bxd5 Bxh2+ 19. Nxh2 Qxd5 20. Bxf6 gxf6 21. Ng4 Kg7 22. Qd2 Qg5 23. Qxg5+ hxg5 24. b4 f5 25. Ne5 Rfe8 26. Nd7 c4 27. Rxd4 Rad8 28. Rad1 Re7 29. Nc5 Rxd4 30. Rxd4 Re1+ 31. Kh2 Re2 32. Rd7 Rxa2 33. Ra7 c3 34. Rc7 a5 35. bxa5 b4 36. Nb3 Ra3 37. Nd4 Rxa5 38. Ne6+ Kf6 39. Nd8 Rb5 40. Rxf7+ Kg6 41. Rc7 b3 42. Rc6+ Kg7 43. Ne6+ Kg8 44. Rc8+ Kf7 45. Nxg5+ Kg6 46. Nh3 b2 47. Rxc3 b1=Q 48. Rg3+ Kf6 49. Re3 f4 50. Nxf4 Rf5 51. Rf3 Qb8 52. g3 Qh8+ 53. Kg2 Qa8 54. Nh5+ Kg5 55. Nf4 Rxf4 56. gxf4+ Kg4 0-1


[Site "https://www.chess.com"]

[Event "Titled Tuesday Blitz April 4 Early 2023"]
[White "Rodchenkov, Sergey D."]
[Black "Krzywda, Andrzej"]
[WhiteFideId "4168712"]
[BlackFideId "1114565"]
[WhiteElo "2277"]
[BlackElo "2155"]
[Result "1-0"]
[Round "04"]
[TimeControl "180+2"]
[Date "2023.04.04"]
[WhiteClock "0:00:09"]
[BlackClock "0:00:03"]

1. e4 e5 2. Nf3 Nf6 3. d4 Nxe4 4. Bd3 d5 5. Nxe5 Bd6 6. O-O O-O 7. c4 c5 8. Nc3 Nxc3 9. bxc3 cxd4 10. cxd4 dxc4 11. Nxc4 Bc7 12. Ba3 Re8 13. d5 b5 14. Ne3 b4 15. Bb2 Nd7 16. Ng4 Qh4 17. g3 Qg5 18. h4 Qe7 19. Qc2 Ne5 20. Bxh7+ Kh8 21. Rfe1 f6 22. Nxe5 Bxe5 23. Bg6 Rd8 24. Qe2 Kg8 25. Qh5 1-0


[Site "https://www.chess.com"]

[Event "Titled Tuesday Blitz April 4 Early 2023"]
[White "Ramirez Vido, Robert Yorisan"]
[Black "Rangel, Daniel"]
[WhiteFideId "3513823"]
[BlackFideId "2124475"]
[WhiteElo "2397"]
[BlackElo "2256"]
[Result "1-0"]
[Round "04"]
[TimeControl "180+2"]
[Date "2023.04.04"]
[WhiteClock "0:00:18"]
[BlackClock "0:00:03"]

1. f4 c5 2. Nf3 g6 3. g3 Bg7 4. Bg2 Nc6 5. d3 d6 6. O-O e6 7. e4 Nge7 8. c3 O-O 9. Be3 Rb8 10. a4 a6 11. Bf2 b5 12. axb5 axb5 13. d4 cxd4 14. cxd4 Bb7 15. e5 h5 16. Nc3 b4 17. Ne4 Nf5 18. exd6 Nxd6 19. Nc5 Bc8 20. Ne5 Ne7 21. Ra7 Ndf5 22. Qd3 Rb6 23. Nc4 Rb5 24. Ne5 Rb8 25. Rd1 Bxe5 26. dxe5 Qxd3 27. Rxd3 Rb5 28. Ne4 Kg7 29. Bc5 Rb7 30. Rxb7 Bxb7 31. Bxb4 Rb8 32. Bxe7 Nxe7 33. Rd7 Nf5 34. Ng5 Bxg2 35. Rxf7+ Kg8 36. Kxg2 Rxb2+ 37. Kf3 Rxh2 38. Rf6 Ra2 39. Rxg6+ Kf8 40. Rf6+ Kg7 41. Nxe6+ Kh7 42. Rxf5 Ra3+ 43. Kg2 Kg6 44. Rg5+ Kh6 45. Ng7 h4 46. Nf5+ Kh7 47. Nxh4 Ra6 48. Nf5 Rb6 49. Kh3 Kh8 50. Kg4 Kh7 51. Nd6 Kh6 52. Ne4 Ra6 53. Nf6 Ra3 54. Kf5 Re3 55. Rg6# 1-0


[Site "https://www.chess.com"]

[Event "Titled Tuesday Blitz April 4 Early 2023"]
[White "Mogirzan, Matei-Valeriu"]
[Black "Guzman Moneo, Alberto"]
[WhiteFideId "1257455"]
[BlackFideId "2209616"]
[WhiteElo "1733"]
[BlackElo "2157"]
[Result "0-1"]
[Round "04"]
[TimeControl "180+2"]
[Date "2023.04.04"]
[WhiteClock "0:00:02"]
[BlackClock "0:00:22"]

1. e4 c5 2. Nf3 Nc6 3. Bb5 Nf6 4. e5 Nd5 5. Nc3 Nc7 6. Bc4 d5 7. exd6 Qxd6 8. O-O e6 9. Ne4 Qd7 10. c3 Be7 11. d4 cxd4 12. cxd4 O-O 13. Be3 Nd5 14. a3 Rd8 15. Nfg5 h6 16. Nxf7 Kxf7 17. Qh5+ Kg8 18. Bxh6 Qe8 19. Qg4 Qf7 20. f4 Nxd4 21. Ng5 Qf5 22. Qg3 Qg6 23. Bd3 Qxh6 24. Bh7+ Qxh7 25. Nxh7 Ne2+ 26. Kh1 Nxg3+ 27. hxg3 Kxh7 28. g4 Bd7 29. g5 Rh8 30. g3 Bc6 31. Kh2 Kg6+ 32. Kg1 Bc5+ 33. Kg2 Nxf4# 0-1


[Site "https://www.chess.com"]

[Event "Titled Tuesday Blitz April 4 Early 2023"]
[White "Ruperez Benito, Antonio"]
[Black "Thecourseoisildur"]
[WhiteFideId "22245049"]
[WhiteElo "2273"]
[BlackElo "2509"]
[Result "1-0"]
[Round "04"]
[TimeControl "180+2"]
[Date "2023.04.04"]
[WhiteClock "0:00:26"]
[BlackClock "0:00:18"]

1. e4 c5 2. Nf3 e6 3. d4 cxd4 4. Nxd4 Nf6 5. Bd3 Nc6 6. Nxc6 bxc6 7. O-O d5 8. Nd2 Be7 9. Qe2 O-O 10. c4 Ba6 11. b3 d4 12. e5 Nd7 13. Qe4 g6 14. Qxc6 Nxe5 15. Qxa6 Nxd3 16. Ba3 Bxa3 17. Qxa3 Qb6 18. Nf3 e5 19. Rad1 e4 20. Ne1 Nf4 21. Nc2 e3 22. fxe3 Ne2+ 23. Kh1 dxe3 24. Rde1 Nd4 25. Nxe3 Rae8 26. Qb2 1-0


[Site "https://www.chess.com"]

[Event "Titled Tuesday Blitz April 4 Early 2023"]
[White "Shukhman, Anna"]
[Black "Dushyant Sharma"]
[WhiteFideId "54180058"]
[BlackFideId "25065130"]
[WhiteElo "2125"]
[BlackElo "2198"]
[Result "1-0"]
[Round "04"]
[TimeControl "180+2"]
[Date "2023.04.04"]
[WhiteClock "0:00:36"]
[BlackClock "0:00:03"]

1. e4 d5 2. exd5 Nf6 3. d4 Bg4 4. f3 Bf5 5. g4 Bg6 6. c4 h6 7. Nc3 e6 8. dxe6 Nc6 9. Be3 Bb4 10. d5 Ne5 11. Bd4 Nfxg4 12. Qa4+ c6 13. fxg4 Bd6 14. Be2 Qh4+ 15. Bf2 Qg5 16. Nf3 Nxf3+ 17. Bxf3 O-O 18. Qd1 fxe6 19. O-O exd5 20. Bg3 Bxg3 21. hxg3 Qe3+ 22. Kg2 d4 23. Re1 Qg5 24. Qxd4 Rad8 25. Qe3 Rd2+ 26. Kg1 Rxf3 27. Qxf3 Rd3 28. Qf4 Qc5+ 29. Kg2 Kh7 30. Rad1 Rxd1 31. Rxd1 Qb4 32. Rd2 a5 33. g5 h5 34. g4 hxg4 35. Qh2+ Kg8 36. Rd8+ Kf7 37. Qf4+ Ke7 38. Qf8+ Ke6 39. Qxb4 axb4 40. Ne2 Bd3 41. Rxd3 1-0


[Site "https://www.chess.com"]

[Event "Titled Tuesday Blitz April 4 Early 2023"]
[White "Ljukin, Sergei"]
[Black "Rian, Kapriaga"]
[WhiteFideId "14102200"]
[BlackFideId "7103263"]
[WhiteElo "2312"]
[BlackElo "2360"]
[Result "1-0"]
[Round "04"]
[TimeControl "180+2"]
[Date "2023.04.04"]
[WhiteClock "0:01:44"]
[BlackClock "0:02:09"]

1. e4 c6 2. d4 d5 3. e5 Bf5 4. Nd2 e6 5. Nb3 Nd7 6. Nf3 h6 7. Be2 a6 8. O-O c5 9. dxc5 Nxc5 10. Be3 Rc8 11. Rc1 Nxb3 12. axb3 Bc5 13. Bxc5 Rxc5 14. b4 Rc8 15. b5 a5 16. c4 dxc4 17. Qxd8+ Kxd8 18. Rfd1+ Bd3 19. Bxd3 cxd3 20. Rxd3+ 1-0


[Site "https://www.chess.com"]

[Event "Titled Tuesday Blitz April 4 Early 2023"]
[White "Goffredo_Fofi"]
[Black "Ai, Evan"]
[BlackFideId "2094770"]
[WhiteElo "2507"]
[BlackElo "1963"]
[Result "1-0"]
[Round "04"]
[TimeControl "180+2"]
[Date "2023.04.04"]
[WhiteClock "0:00:19"]
[BlackClock "0:00:19"]

1. d4 Nf6 2. Nf3 e6 3. c4 b6 4. g3 Bb7 5. Bg2 Be7 6. O-O O-O 7. Re1 d5 8. cxd5 exd5 9. Nc3 Nbd7 10. Bf4 Ne4 11. Rc1 c5 12. Nxe4 dxe4 13. Nd2 f5 14. Nc4 Nf6 15. dxc5 Bxc5 16. Nd6 Bd5 17. Nxf5 Ng4 18. Rxc5 bxc5 19. Qxd5+ Kh8 20. Qxe4 Qf6 21. Ne3 Nxf2 22. Kxf2 g5 23. Ng4 Qg7 24. Qxa8 Rxa8 25. Be5 Rf8+ 26. Kg1 1-0


[Site "https://www.chess.com"]

[Event "Titled Tuesday Blitz April 4 Early 2023"]
[White "Girsh, Daniel"]
[Black "Salman, Pavel"]
[WhiteFideId "30949190"]
[BlackFideId "24153753"]
[WhiteElo "2075"]
[BlackElo "2187"]
[Result "0-1"]
[Round "04"]
[TimeControl "180+2"]
[Date "2023.04.04"]
[WhiteClock "0:02:26"]
[BlackClock "0:02:19"]

1. d4 g6 2. c4 Nf6 3. Nf3 c5 4. g3 cxd4 5. Bg2 Bg7 6. O-O O-O 7. Nxd4 Nc6 8. Nc3 Nxd4 9. Qxd4 d6 10. Bg5 Be6 11. b3 Nd5 12. Qxg7+ Kxg7 13. cxd5 Bd7 14. Rac1 f6 15. Be3 b6 16. h4 h5 17. Rfd1 Rc8 18. Ne4 Rxc1 19. Rxc1 Qa8 20. Rc7 Rd8 21. Bd4 Qb8 22. Rc3 Rc8 23. Re3 Kf7 24. Kh2 Bf5 25. Nc3 a6 26. Na4 b5 27. Nb6 Rc1 28. a4 Rd1 0-1


[Site "https://www.chess.com"]

[Event "Titled Tuesday Blitz April 4 Early 2023"]
[White "Koridze, Lile"]
[Black "Yu, Jason"]
[WhiteFideId "13612514"]
[BlackFideId "30907624"]
[WhiteElo "2047"]
[BlackElo "2502"]
[Result "1-0"]
[Round "04"]
[TimeControl "180+2"]
[Date "2023.04.04"]
[WhiteClock "0:01:48"]
[BlackClock "0:00:45"]

1. d4 Nf6 2. c4 g6 3. Nc3 d5 4. Nf3 Bg7 5. Bg5 c6 6. e3 O-O 7. Bd3 dxc4 8. Bxc4 b5 9. Bd3 a6 10. O-O Bb7 11. b4 Nbd7 12. Rc1 Nd5 13. Nxd5 cxd5 14. Bf4 Rc8 15. Qe2 Nb6 16. Ne5 Nc4 17. Rfd1 e6 18. e4 Nxe5 19. dxe5 Qe7 20. a3 d4 21. Bb1 Rxc1 22. Rxc1 Rd8 23. Qd3 f6 24. exf6 Qxf6 25. Qd2 Qe7 26. e5 Rd5 27. Be4 Qd7 28. Bxd5 Qxd5 29. f3 Bxe5 30. Rc5 Bxf4 31. Qxf4 1-0


[Site "https://www.chess.com"]

[Event "Titled Tuesday Blitz April 4 Early 2023"]
[White "Skaric, Djuro"]
[Black "Korelskiy, Egor"]
[WhiteFideId "934569"]
[BlackFideId "34329064"]
[WhiteElo "2282"]
[BlackElo "2186"]
[Result "0-1"]
[Round "04"]
[TimeControl "180+2"]
[Date "2023.04.04"]
[WhiteClock "0:00:57"]
[BlackClock "0:00:09"]

1. g3 d5 2. Bg2 e5 3. d3 Nc6 4. Nf3 h6 5. O-O g5 6. Nc3 Be6 7. e4 Nge7 8. Nd2 Bg7 9. Nb3 d4 10. Ne2 Ng6 11. f4 gxf4 12. gxf4 exf4 13. Nxf4 Nxf4 14. Bxf4 Qe7 15. Qh5 O-O-O 16. Qb5 a6 17. Qc5 Qe8 18. e5 Bf8 19. Bxc6 Rg8+ 20. Bg3 Qxc6 21. Qxc6 bxc6 22. Rf4 c5 23. Nd2 Be7 24. Ne4 Rd5 25. b3 Rxe5 26. Raf1 Rd5 27. Nf6 Bxf6 28. Rxf6 h5 29. R1f4 Rdg5 30. Kf2 Rg4 31. Rh6 Rxf4+ 32. Bxf4 Rg4 33. Bg3 Rg5 34. Kf3 Rf5+ 35. Ke4 Rg5 36. Rh8+ Kb7 37. Re8 Bd5+ 38. Kf4 Rg4+ 39. Kf5 Be6+ 40. Ke5 h4 41. Bf4 Rg2 42. Re7 Re2+ 43. Kf6 Rf2 44. Rxc7+ Kb6 45. Kg5 Rxf4 46. Kxf4 Kxc7 47. Kg5 h3 48. Kf4 Kd6 49. Ke4 f6 50. Kf4 Kd5 51. a3 a5 52. a4 Bd7 53. Kg3 Ke5 54. Kf3 Bc6+ 55. Kg3 Bg2 56. Kg4 Bf1 57. Kg3 Be2 58. Kxh3 Bd1 59. Kg3 Bxc2 0-1


[Site "https://www.chess.com"]

[Event "Titled Tuesday Blitz April 4 Early 2023"]
[White "Mirzanurov, Bulat"]
[Black "Mouhamad, Joachim"]
[WhiteFideId "4184521"]
[BlackFideId "656410"]
[WhiteElo "2019"]
[BlackElo "2125"]
[Result "0-1"]
[Round "04"]
[TimeControl "180+2"]
[Date "2023.04.04"]
[WhiteClock "0:00:04"]
[BlackClock "0:00:09"]

1. e4 c5 2. Nf3 Nc6 3. d4 cxd4 4. Nxd4 g6 5. c4 Nf6 6. Nc3 d6 7. Be2 Nxd4 8. Qxd4 Bg7 9. Be3 O-O 10. Qd3 a5 11. O-O a4 12. Rad1 Qa5 13. f4 Bd7 14. e5 Ne8 15. Nd5 dxe5 16. Nxe7+ Kh8 17. Qxd7 exf4 18. Bxf4 Qb4 19. Nd5 Qxb2 20. Rd2 Qa3 21. Bg5 f6 22. Be3 Nd6 23. Rd3 Qxa2 24. Qxd6 Qxe2 25. Rd2 Qxc4 26. Nxf6 a3 27. Bd4 Rad8 28. Qxa3 Rxd4 29. Rdf2 Rdd8 30. Ng4 Qd4 31. Kh1 Rxf2 32. Nxf2 Qxf2 33. Qc1 Qd2 34. Qc7 Qd7 35. Qc5 b5 36. Qb4 Qd6 37. Qxb5 Qd3 38. Qb4 Qxf1# 0-1


[Site "https://www.chess.com"]

[Event "Titled Tuesday Blitz April 4 Early 2023"]
[White "Gallegos Diaz, Carlos Alberto"]
[Black "Tokman, Ariel"]
[WhiteFideId "3900886"]
[BlackFideId "117420"]
[WhiteElo "2362"]
[BlackElo "2263"]
[Result "0-1"]
[Round "04"]
[TimeControl "180+2"]
[Date "2023.04.04"]
[WhiteClock "0:00:02"]
[BlackClock "0:00:26"]

1. e4 e6 2. d3 d5 3. Nd2 Nc6 4. Ngf3 g6 5. Be2 Bg7 6. O-O Nge7 7. Re1 a5 8. c3 O-O 9. Bf1 a4 10. a3 b6 11. exd5 Nxd5 12. h3 Bb7 13. d4 Nce7 14. Ne5 c5 15. dxc5 bxc5 16. Ndc4 Nc6 17. Qg4 Nf6 18. Qg5 Nxe5 19. Nxe5 Ne4 20. Qxd8 Rfxd8 21. Nc4 Nd6 22. Bg5 f6 23. Nxd6 Rxd6 24. Bf4 Rb6 25. Bc7 Rxb2 26. Rxe6 Bd5 27. Rd6 Bb3 28. c4 Re8 29. Rad1 Bxd1 30. Rxd1 f5 31. g4 Bd4 32. Bg3 f4 33. Bh4 g5 34. Bxg5 Bxf2+ 35. Kh1 Bg3 36. Bg2 Re1+ 37. Rxe1 Bxe1 38. Bd5+ Kg7 39. Bxf4 Bc3 40. Bd6 Bd4 41. h4 Rb1+ 42. Kg2 Rb3 43. g5 Rxa3 44. h5 h6 45. g6 Ra2+ 46. Kf3 Ra3+ 47. Ke4 Rh3 48. Be5+ Bxe5 49. Kxe5 Rxh5+ 50. Kd6 a3 51. Bf3 a2 52. Be4 a1=Q 0-1


[Site "https://www.chess.com"]

[Event "Titled Tuesday Blitz April 4 Early 2023"]
[White "Terletsky, Oleg"]
[Black "Leebit02"]
[WhiteFideId "14116774"]
[WhiteElo "2084"]
[BlackElo "2345"]
[Result "0-1"]
[Round "04"]
[TimeControl "180+2"]
[Date "2023.04.04"]
[WhiteClock "0:00:05"]
[BlackClock "0:00:49"]

1. e4 c5 2. Nf3 Nc6 3. d4 cxd4 4. Nxd4 Nf6 5. Nc3 d6 6. Bc4 Qb6 7. Nxc6 bxc6 8. O-O e5 9. Kh1 Be7 10. f4 exf4 11. Bxf4 O-O 12. e5 dxe5 13. Bxe5 Ng4 14. Bg3 Ne3 15. Qd3 Nxc4 16. Qxc4 Be6 17. Qf4 Qxb2 18. Ne4 Bd5 19. Rae1 Qxc2 20. Rf2 Qc4 21. Rfe2 Bb4 22. Rc1 Qxe2 0-1


[Site "https://www.chess.com"]

[Event "Titled Tuesday Blitz April 4 Early 2023"]
[White "Todorovic, Bojan"]
[Black "Shapiro, Viktor"]
[WhiteFideId "917087"]
[BlackFideId "4175700"]
[WhiteElo "2266"]
[BlackElo "2152"]
[Result "1-0"]
[Round "04"]
[TimeControl "180+2"]
[Date "2023.04.04"]
[WhiteClock "0:02:06"]
[BlackClock "0:01:18"]

1. d4 Nf6 2. c4 c5 3. d5 e6 4. Nc3 exd5 5. cxd5 d6 6. Nf3 g6 7. Nd2 Bg7 8. Nc4 O-O 9. Bf4 Ne8 10. Qd2 a6 11. a4 Qe7 12. Nb6 Nd7 13. Nxa8 Qd8 14. a5 Ne5 15. e3 Bf5 16. Nb6 g5 17. Bg3 Nc7 18. Nc4 Re8 19. Nxe5 Bxe5 20. Bxe5 Rxe5 21. Be2 h6 22. O-O Bg6 23. Bd3 f5 24. f4 1-0


[Site "https://www.chess.com"]

[Event "Titled Tuesday Blitz April 4 Early 2023"]
[White "Golubev, Mikhail"]
[Black "I_KID_you_not"]
[WhiteFideId "14100983"]
[WhiteElo "2374"]
[BlackElo "2336"]
[Result "1-0"]
[Round "04"]
[TimeControl "180+2"]
[Date "2023.04.04"]
[WhiteClock "0:00:23"]
[BlackClock "0:00:48"]

1. e4 c5 2. Nf3 Nc6 3. Nc3 g6 4. d4 cxd4 5. Nxd4 Bg7 6. Be3 Nf6 7. Nxc6 bxc6 8. e5 Ng8 9. Bd4 Qa5 10. f4 f6 11. Qd2 fxe5 12. fxe5 Bxe5 13. Qg5 d6 14. Bxe5 Qxe5+ 15. Qxe5 dxe5 16. Bc4 Nf6 17. O-O-O Bg4 18. Rde1 Nd7 19. h3 Nb6 20. Bb3 Bf5 21. Rxe5 O-O-O 22. Rxe7 Rd7 23. Rxd7 Bxd7 24. Re1 Re8 25. Rxe8+ Bxe8 26. Ne4 Nd7 27. Be6 Kc7 28. Bxd7 Bxd7 29. Nf6 Bc8 30. Nxh7 Kd6 31. Kd2 Ke5 32. Ke3 c5 33. Ng5 Kf5 34. Nf3 Bb7 35. g4+ Ke6 36. Kf4 Kf6 37. h4 a5 38. c3 Bd5 39. a3 Bc4 40. Ne5 Be6 41. Nd3 1-0


[Site "https://www.chess.com"]